 Dungeon Crawl Stone Soup version 0.29-a0-321-gf1c400731a (webtiles) character file.

Game seed: 9056185352266836670

536 kae the Firebug (level 7, 0/40 HPs)
             Began as a Tengu Fire Elementalist on Apr 4, 2022.
             Slain by a gnoll
             ... wielding a +0 club
              (8 damage)
             ... on level 4 of the Dungeon.
             The game lasted 00:02:42 (4654 turns).

kae the Firebug (Tengu Fire Elementalist)           Turns: 4654, Time: 00:02:42

Health: 0/40       AC:  2    Str: 15    XL:     7   Next: 25%
Magic:  2/12       EV: 15    Int: 17    God:
Gold:   212        SH:  0    Dex: 14    Spells: 6/12 levels left

rFire   . . .      SeeInvis +   g - +1 dagger (venom)
rCold   . . .      Faith    .   (no shield)
rNeg    . . .      Spirit   .   a - +0 robe
rPois   .          Reflect  .   (helmet restricted)
rElec   .          Harm     .   (no cloak)
rCorr   .          Rampage  .   (no gloves)
Will    .....                   (boots unavailable)
Stlth   ++........              (no amulet)
HPRegen 0.13/turn               c - +6 ring of strength
MPRegen 0.13/turn               e - ring of see invisible

@: flying quickly and evasively, quick
A: beak, talons 3, nimble flight
a: no special abilities


You were on level 4 of the Dungeon.
You visited 1 branch of the dungeon, and saw 4 of its levels.

You collected 212 gold pieces.

Inventory:

Hand Weapons
 g - a +1 dagger of venom (weapon)
Armour
 a - a +0 robe (worn)
Jewellery
 c - a +6 ring of strength (left hand)
 e - a ring of see invisible (right hand)
 o - a +4 ring of protection
Wands
 j - a wand of digging (2)
 k - a wand of acid (12)
 n - a wand of iceblast (7)
Potions
 b - a potion of magic
 d - 2 potions of brilliance
 f - 3 potions of heal wounds
 h - a potion of ambrosia
 i - a potion of attraction
 l - a potion of berserk rage {unknown}
 m - 3 potions of mutation {unknown}


   Skills:
 + Level 2.5 Fighting
 + Level 2.6 Armour
 + Level 3.6 Dodging
 - Level 2.0 Stealth
 + Level 3.1 Spellcasting
 + Level 3.5 Conjurations
 * Level 5.7 Fire Magic


You had 6 spell levels left.
You knew the following spells:

 Your Spells              Type           Power      Damage    Failure   Level
a - Foxfire               Conj/Fire      72%        2x1d7     2%          1
b - Scorch                Fire           44%        2d7       2%          2
c - Conjure Flame         Conj/Fire      18%        6-21      8%          3

Your spell library contained the following spells:

 Spells                   Type           Power      Damage    Failure   Level
 Inner Flame              Hex/Fire       12%        N/A       16%         3
 Freeze                   Ice            8%         1d3       17%         1
 Flame Wave               Conj/Fire      18%        2d6       26%         4
 Call Canine Familiar     Summ           2%         N/A       45%         3
 Frozen Ramparts          Ice            4%         1d2       45%         3
 Portal Projectile        Hex/Tloc       4%         N/A       45%         3
 Hailstorm                Conj/Ice       8%         3d4       63%         4
 Leda's Liquefaction      Hex/Erth       1%         N/A       86%         4


Dungeon Overview and Level Annotations

Branches:
Dungeon (4/15)
 Temple: D:4-7

Altars:

Shops:
D:1 [

Annotations:
D:2 1 runed translucent door, Crazy Yiuf


Innate Abilities, Weirdness & Mutations

You have a beak for a mouth.
You have claws for feet.
Your magical nature lets you fly swiftly and evasively.


Message History

You conjure some foxfire!
The gnoll shouts!
You hear a shout!
The gnoll throws a throwing net.
The throwing net misses you.
The throwing net barely misses your foxfire.
The foxfire hits the gnoll.
The gnoll is lightly wounded.
The foxfire hits the gnoll but does no damage.
The gnoll is lightly wounded.
Casting: Foxfire (safe; 2% risk of failure)
Confirm with . or Enter, or press ? or * to list all spells.
Flames lash the gnoll.
The gnoll is heavily wounded.
The gnoll's fire resistance burns away.
Casting: Scorch (safe; 2% risk of failure)
Confirm with . or Enter, or press ? or * to list all spells.
Flames lash the gnoll.
The gnoll is burned terribly!
You kill the gnoll!
Casting: Scorch (safe; 2% risk of failure)
Confirm with . or Enter, or press ? or * to list all spells.
Flames lash the gnoll.
The gnoll is almost dead.
The gnoll's fire resistance burns away.
A gnoll comes into view. It is wielding a +0 halberd.
The gnoll hits you with a +0 club! The gnoll closely misses you.
Casting: Scorch (safe; 2% risk of failure)
Confirm with . or Enter, or press ? or * to list all spells.
Flames lash the gnoll.
You kill the gnoll!
The gnoll hits you with a +0 club. x2
The gnoll is no longer more vulnerable to fire.
The gnoll misses you. The gnoll hits you with a +0 club!
Casting: Scorch (safe; 2% risk of failure)
Confirm with . or Enter, or press ? or * to list all spells.
Flames lash the gnoll.
The gnoll is almost dead.
The gnoll's fire resistance burns away.
The gnoll hits you with a +0 club!
* * * LOW HITPOINT WARNING * * *
The gnoll hits you with a +0 club!
You die...

......##..##..............#
.#...
....#.#...##..........)##.....
.
.##..........................#.
##..###...#.#............###..
###..###...#(######.........
#..........#..##....#..###..
.#......................# #
........).##..#..#####.##
.#........##.##.@# .#
......)..†##.##gg##
..###............)# ..
#...........#.)§ .
#..........#####§. #..........#
.g. #..........# #g
#..........# #..........#


You could see 2 gnolls.

Vanquished Creatures
  A black bear (D:3)
  An ogre (D:3)
  A necrophage (D:4)
  A scorpion (D:4)
  Jessica (D:3)
  Terence (D:2)
  An orc wizard (D:3)
  Robin (D:2)
  2 gnolls (D:4)
  5 adders
  A dart slug (D:4)
  4 orcs
  3 ball pythons
  6 bats
  7 endoplasms
  A giant cockroach (D:1)
  11 goblins
  9 hobgoblins
  9 jackals
  2 quokkas
  5 frilled lizards
  4 kobolds
  9 rats
86 creatures vanquished.

Vanquished Creatures (collateral kills)
  A foxfire (D:1)
1 creature vanquished.

Vanquished Creatures (others)
  213 foxfires
213 creatures vanquished.

Grand Total: 300 creatures vanquished

Notes
Turn   | Place    | Note
-------+----------+-------------------------------------------
     0 | D:1      | kae the Tengu Fire Elementalist began the quest for the
                  | Orb.
     0 | D:1      | Reached XP level 1. HP: 10/10 MP: 4/4
   219 | D:1      | Reached XP level 2. HP: 15/15 MP: 1/6
   294 | D:1      | Found a faded altar of an unknown god.
   375 | D:1      | Found Wunusoigg's Armour Shop.
  1203 | D:2      | Reached XP level 3. HP: 20/20 MP: 5/7
  1210 | D:2      | Noticed Robin
  1220 | D:2      | Killed Robin
  1221 | D:2      | Reached skill level 4 in Fire Magic
  1363 | D:2      | Reached skill level 1 in Fighting
  1471 | D:2      | Noticed Terence
  1487 | D:2      | Killed Terence
  1488 | D:2      | Reached skill level 1 in Armour
  1488 | D:2      | Reached XP level 4. HP: 9/25 MP: 6/8
  2002 | D:2      | Learned a level 2 spell: Scorch
  2006 | D:2      | Learned a level 3 spell: Conjure Flame
  2321 | D:2      | Found a runed translucent door.
  2322 | D:2      | Noticed Crazy Yiuf
  2561 | D:3      | HP: 1/25 [orc/+0 short sword (2)]
  2562 | D:3      | Gained mutation: Your magical nature lets you fly swiftly
                  | and evasively. [Tengu growth]
  2562 | D:3      | Reached XP level 5. HP: 1/29 MP: 9/9
  2901 | D:3      | Noticed an ogre
  2919 | D:3      | HP: 1/29 [ogre/+0 giant spiked club (28)]
  2921 | D:3      | Killed an ogre
  3365 | D:3      | Reached XP level 6. HP: 23/35 MP: 9/11
  3692 | D:3      | Reached skill level 5 in Fire Magic
  3865 | D:3      | Noticed a black bear
  3870 | D:3      | Killed a black bear
  3983 | D:3      | Noticed Jessica
  3991 | D:3      | Killed Jessica
  4255 | D:4      | Reached XP level 7. HP: 25/40 MP: 2/12
  4654 | D:4      | Slain by a gnoll

Illustrated notes

Levels and vault maps discovered:
D:1:      giann_wishing_wells, layout_rooms, shapermc_ecumenical_altar_gd,
          serial_shops, shop_statue, nicolae_figureground_pulse
D:2:      layout_loops_ring, uniq_crazy_yiuf_cottage, uniq_robin, uniq_terence
D:3:      layout_loops_ring, amcnicky_mini_rare_corridor_liquid, uniq_jessica
D:4:      layout_rooms, nemelex_spade_bored_becter, hex_intersection

Skill      XL: |  1  2  3  4  5  6 |
---------------+-------------------+-----
Fire Magic     | 4 5 |  5.7
Fighting       | 1 2 |  2.5
Armour         | 1 2 |  2.6
Conjurations   | 2 3 |  3.5
Dodging        | 3 |  3.6
Spellcasting   | 3 |  3.1
Stealth        | |  2.0

Action                   |  1- 3 |  4- 6 |  7- 9 || total
-------------------------+-------+-------+-------++-------
Melee: Unarmed           |     6 |       |       ||     6
       Kick              |     7 |    10 |       ||    17
       Peck              |     6 |     9 |       ||    15
       Dagger            |    21 |    53 |       ||    74
       Punch             |       |     1 |       ||     1
 Cast: Foxfire           |    67 |    45 |    21 ||   133
       Scorch            |       |     1 |     8 ||     9
       Conjure Flame     |       |     2 |       ||     2
  Use: Scroll            |     1 |     5 |       ||     6
 Stab: Sleeping          |       |     4 |       ||     4
Armor: Robe              |     5 |     5 |       ||    10
Dodge: Dodged            |    26 |    45 |     7 ||    78

Table legend: (Time is in decaauts)
 A = Elapsed time spent in this place.
 B = Non-inter-level travel time spent in this place.
 C = Inter-level travel time spent in this place.
 D = Time resting spent in this place.
 E = Time spent auto-exploring this place.
 F = Levels seen in this place.
 G = Mean time per level.
                   A        B        C        D        E       F      G
               +--------+--------+--------+--------+--------+-----+--------+
         Total |   4584 |   4454 |    130 |     38 |   3810 |   4 | 1146.0 |
       Dungeon |   4584 |   4454 |    130 |     38 |   3810 |   4 | 1146.0 |
               +--------+--------+--------+--------+--------+-----+--------+

Top non-repeatable levels by time:
     D:3: 1636 daAuts
     D:2: 1327 daAuts
     D:1: 1173 daAuts
     D:4: 447 daAuts
